[Event "Titled Tuesday Blitz December 06 Late 2022"]
[White "Pinheiro, Iung Alicio de O."]
[Black "Stanisz, Patryk"]
[WhiteFideId "2104350"]
[BlackFideId "1123106"]
[WhiteElo "2283"]
[BlackElo "2069"]
[Result "1-0"]
[Round "01"]
[TimeControl "180+1"]
[Date "2022.12.07"]
[WhiteClock "0:00:25"]
[BlackClock "0:00:03"]

1. e4 c5 2. Nf3 Nc6 3. Bc4 e6 4. O-O d5 5. exd5 exd5 6. Re1+ Be7 7. Bb5 Bd7 8. d4 cxd4 9. Nxd4 Nf6 10. Bxc6 bxc6 11. Qe2 c5 12. Nf3 Bg4 13. Qb5+ Kf8 14. Ne5 Be6 15. Nc3 Qb6 16. Qe2 Re8 17. a4 Bd6 18. a5 Qb8 19. Bf4 d4 20. Nb5 Nd5 21. Ng6+ hxg6 22. Bxd6+ Qxd6 23. Nxd6 Re7 24. Qc4 Rh5 25. Qxc5 Nf4 26. Re5 Ne2+ 27. Kh1 Rxe5 28. Qxe5 1-0


[Site "https://www.chess.com"]

[Event "Titled Tuesday Blitz December 06 Late 2022"]
[White "Popilski, Gil"]
[Black "Da Silva Junior, Sediney Mari"]
[WhiteFideId "2809060"]
[BlackFideId "2132079"]
[WhiteElo "2537"]
[BlackElo "1996"]
[Result "1-0"]
[Round "01"]
[TimeControl "180+1"]
[Date "2022.12.07"]
[WhiteClock "0:00:18"]
[BlackClock "0:00:20"]

1. c4 e5 2. Nf3 Nc6 3. d3 Nf6 4. a3 d6 5. b4 Be6 6. Bb2 a6 7. Nbd2 Be7 8. Rc1 O-O 9. g3 Qd7 10. Bg2 Bh3 11. O-O Qg4 12. Re1 Nd7 13. Bh1 f5 14. e3 f4 15. exf4 Rxf4 16. d4 a5 17. b5 Na7 18. dxe5 Raf8 19. exd6 Bxd6 20. Ne4 Rxf3 21. c5 Be5 22. Qd5+ Qe6 23. Qxe6+ Bxe6 24. Bxe5 Nxe5 25. Ng5 Bc8 26. Rxe5 Rxa3 27. b6 Nc6 28. Bd5+ Kh8 29. Nf7+ Kg8 30. Nd8+ Kh8 31. Nxc6 bxc6 32. Bxc6 cxb6 33. cxb6 Ba6 34. Rce1 Ra2 35. Re8 Rxf2 36. b7 Bxb7 37. Bxb7 g6 38. Bc6 Kg7 39. Rxf8 Rxf8 40. Re7+ Rf7 41. Rxf7+ Kxf7 42. Kf2 Ke6 43. Kf3 Kd6 44. Ba4 Kc5 45. Kf4 Kb4 46. Be8 a4 47. Bxa4 Kxa4 48. Kg5 1-0


[Site "https://www.chess.com"]

[Event "Titled Tuesday Blitz December 06 Late 2022"]
[White "Potapova, Margarita"]
[Black "Ibarra Jerez, Jose Carlos"]
[WhiteFideId "14126869"]
[BlackFideId "2226332"]
[WhiteElo "2273"]
[BlackElo "2638"]
[Result "1/2-1/2"]
[Round "01"]
[TimeControl "180+1"]
[Date "2022.12.07"]
[WhiteClock "0:00:35"]
[BlackClock "0:00:04"]

1. d4 Nf6 2. Bf4 g6 3. e3 Bg7 4. Nf3 O-O 5. h3 d6 6. Bh2 c5 7. c3 Be6 8. Be2 Qb6 9. Na3 a6 10. Qc2 Nc6 11. Nc4 Bxc4 12. Bxc4 Rac8 13. Qb3 Qa7 14. Be2 b5 15. O-O Na5 16. Qd1 Nc4 17. Qb3 Ne4 18. Bxc4 bxc4 19. Qxc4 cxd4 20. Qd5 Nf6 21. Qxd4 Qb7 22. Qd2 a5 23. Nd4 a4 24. Rab1 Qd5 25. a3 Rb8 26. Qe2 Rb6 27. Nc2 Rc8 28. Nb4 Qe6 29. Qc2 Qd7 30. Rfd1 Qa7 31. Rd2 Qa8 32. Rbd1 Ne4 33. Nd5 Nxd2 34. Nxb6 Qb7 35. Nxc8 Nb3 36. Nxe7+ Qxe7 37. Bxd6 Qe6 38. Bg3 h5 39. c4 Bf8 40. Rd8 Qf6 41. Bd6 Qxd8 42. Bxf8 Qxf8 43. Qc3 Qd6 44. Qb4 Qxb4 45. axb4 Kf8 46. Kf1 Nd2+ 47. Ke2 Nxc4 48. Kd3 Nxb2+ 49. Kc3 Nd1+ 50. Kc4 Ke7 51. b5 Kd6 52. Kb4 Nxf2 53. Kxa4 Nd1 54. e4 Nc3+ 55. Kb4 Nxe4 56. Kc4 Nc5 57. Kd4 Nd7 58. g4 hxg4 59. hxg4 g5 60. Ke4 Ke6 61. Kd4 f6 62. Ke4 Nc5+ 63. Kd4 Nb7 64. b6 Kd6 65. Ke4 Ke6 66. Kd4 f5 67. gxf5+ Kxf5 68. Kd5 g4 69. Kc6 Nd8+ 70. Kc7 Ne6+ 71. Kd6 Nd8 72. Kc7 Ne6+ 73. Kd6 Nd8 74. Kc7 1/2-1/2


[Site "https://www.chess.com"]

[Event "Titled Tuesday Blitz December 06 Late 2022"]
[White "Pultinevicius, Paulius"]
[Black "Baches Garcia, Guillermo"]
[WhiteFideId "12809390"]
[BlackFideId "2209764"]
[WhiteElo "2486"]
[BlackElo "2478"]
[Result "1-0"]
[Round "01"]
[TimeControl "180+1"]
[Date "2022.12.06"]
[WhiteClock "0:01:57"]
[BlackClock "0:00:53"]

1. b3 c5 2. Bb2 Nc6 3. e3 a6 4. c4 e6 5. Nf3 Nf6 6. d4 cxd4 7. Nxd4 Bb4+ 8. Bc3 Qa5 9. Qd2 Ne4 10. Nxc6 bxc6 11. Bxb4 Qb6 12. Ba5 1-0


[Site "https://www.chess.com"]

[Event "Titled Tuesday Blitz December 06 Late 2022"]
[White "Putnam, Liam"]
[Black "Meunier, Clement"]
[WhiteFideId "30938279"]
[BlackFideId "20667930"]
[WhiteElo "2082"]
[BlackElo "2233"]
[Result "1-0"]
[Round "01"]
[TimeControl "180+1"]
[Date "2022.12.07"]
[WhiteClock "0:00:06"]
[BlackClock "0:00:01"]

1. Nf3 Nf6 2. c4 c5 3. g3 b6 4. Bg2 Bb7 5. O-O g6 6. b3 Bg7 7. Bb2 O-O 8. Nc3 d5 9. cxd5 Nxd5 10. Rc1 e6 11. d4 cxd4 12. Nxd5 Qxd5 13. Bxd4 Na6 14. Nh4 Qxd4 15. Bxb7 Nb4 16. Bxa8 Rxa8 17. Qxd4 Bxd4 18. Rc4 Bc5 19. a3 Nd5 20. b4 Be7 21. Nf3 a5 22. e4 b5 23. Rc2 Nf6 24. Rc7 Kf8 25. Rb7 Nxe4 26. Rxb5 axb4 27. axb4 Nd6 28. Ra5 Rb8 29. Rb1 Nc4 30. Ra6 h6 31. b5 Ke8 32. b6 Kd7 33. b7 Nd6 34. Ne5+ 1-0


[Site "https://www.chess.com"]

[Event "Titled Tuesday Blitz December 06 Late 2022"]
[White "Radovanovic, Dusan"]
[Black "Mladek, Richard"]
[WhiteFideId "926868"]
[BlackFideId "386588"]
[WhiteElo "2337"]
[BlackElo "2271"]
[Result "0-1"]
[Round "01"]
[TimeControl "180+1"]
[Date "2022.12.07"]
[WhiteClock "0:01:30"]
[BlackClock "0:01:12"]

1. e4 e5 2. Nf3 Nc6 3. Nc3 Nf6 4. Bb5 Bd6 5. a3 O-O 6. d3 h6 7. g4 Nh7 8. h4 Nd4 9. Bc4 c6 10. g5 Kh8 11. gxh6 g6 12. Nxd4 exd4 13. Ne2 Bc7 14. Nf4 d5 15. Bb3 Qf6 16. Qe2 Bxf4 0-1


[Site "https://www.chess.com"]

[Event "Titled Tuesday Blitz December 06 Late 2022"]
[White "Rakhmatullaev, Almas"]
[Black "Karas, Marek"]
[WhiteFideId "14205793"]
[BlackFideId "14928558"]
[WhiteElo "2221"]
[BlackElo "2247"]
[Result "1-0"]
[Round "01"]
[TimeControl "180+1"]
[Date "2022.12.07"]
[WhiteClock "0:00:14"]
[BlackClock "0:00:01"]

1. e4 e6 2. d4 d5 3. Nc3 Nf6 4. Bg5 Be7 5. e5 Nfd7 6. h4 h6 7. Qh5 a6 8. Bd3 c5 9. Nxd5 Bxg5 10. hxg5 exd5 11. e6 Qe7 12. Kf1 Nf8 13. exf7+ Qxf7 14. Re1+ Be6 15. Rxe6+ Nxe6 16. Bg6 Nxg5 17. Bxf7+ Nxf7 18. Qxd5 Nc6 19. Nf3 cxd4 20. Qe6+ Kf8 21. Rh5 Re8 22. Qb3 Re7 23. Rf5 g6 24. Rd5 Kg7 25. Nxd4 Rhe8 26. g3 Nxd4 27. Rxd4 Ne5 28. Qc3 Kh7 29. Re4 Nc6 30. Rxe7+ Rxe7 31. a4 Rg7 32. b4 Ne7 33. b5 axb5 34. axb5 Nf5 35. Qd3 h5 36. c4 Rc7 37. b6 Rg7 38. c5 Ne7 39. Qe4 Nc6 40. g4 hxg4 41. Qxg4 Rf7 42. Qe6 Kg7 43. Kg2 Rf6 44. Qd7+ Rf7 45. Qc8 Re7 46. f4 Rf7 47. Kf3 Re7 48. Kg4 Rf7 49. Qa8 Kh7 50. Qa2 Kg7 51. Qe6 Rf6 52. Qe8 Rf7 53. Kg5 Rf5+ 54. Kg4 Rf7 55. Qe1 Rf5 56. Qa1+ Kh7 57. Qa2 Rf6 58. Qd5 Kg7 59. Qd1 Rf7 60. Qa4 Kh7 61. Qa8 Kg7 62. f5 gxf5+ 63. Kf4 Kh7 64. Qa1 Kg6 65. Qg1+ Kf6 66. Qg5+ Ke6 67. Qg6+ Ke7 68. Qd6+ Ke8 69. Qe6+ Kf8 70. Kg5 f4 71. Kg6 Rg7+ 72. Kf6 Ne7 73. Qe4 Rf7+ 74. Ke6 f3 75. Qxb7 f2 76. Qb8+ Kg7 77. Qe5+ Kf8 78. b7 1-0


[Site "https://www.chess.com"]

[Event "Titled Tuesday Blitz December 06 Late 2022"]
[White "Rangel, Daniel"]
[Black "Jobava, Baadur"]
[WhiteFideId "2124475"]
[BlackFideId "13601520"]
[WhiteElo "2225"]
[BlackElo "2582"]
[Result "0-1"]
[Round "01"]
[TimeControl "180+1"]
[Date "2022.12.06"]
[WhiteClock "0:00:05"]
[BlackClock "0:00:25"]

1. d4 d5 2. c4 dxc4 3. e3 e5 4. Bxc4 exd4 5. exd4 Nf6 6. Nf3 Bd6 7. Nc3 O-O 8. O-O Nc6 9. h3 h6 10. a3 Re8 11. Nb5 Be6 12. Nxd6 Qxd6 13. Bxe6 Rxe6 14. Qb3 b6 15. Be3 Nd5 16. Rfe1 Rae8 17. Rac1 Nce7 18. Ne5 Ng6 19. Rc6 Qd8 20. Rxe6 Rxe6 21. Nxg6 Rxg6 22. Kh1 Qd7 23. Qd3 c6 24. Bd2 Re6 25. Rxe6 Qxe6 26. Kg1 a5 27. Kf1 a4 28. Qe2 Qg6 29. g3 b5 30. Kg2 Qc2 31. Qe8+ Kh7 32. Bc3 Qg6 33. h4 h5 34. Qe5 Qg4 35. Bd2 g6 36. Qe8 Qe6 37. Qxe6 fxe6 38. Kf3 Kg8 39. Ke4 Kf7 40. Ke5 Nb6 41. Kd6 Nc4+ 42. Kxc6 Nxd2 43. Kxb5 Ne4 44. Kxa4 Nxf2 45. b4 Ke7 46. Kb5 Ne4 47. a4 Nxg3 48. a5 Nf5 49. Kc6 Nxd4+ 50. Kc7 e5 51. a6 e4 52. Kb7 Nb5 53. Kb6 Nd6 54. Kc7 e3 55. a7 Nb5+ 56. Kb6 Nxa7 57. Kxa7 e2 58. b5 e1=Q 59. b6 Qxh4 0-1


[Site "https://www.chess.com"]

[Event "Titled Tuesday Blitz December 06 Late 2022"]
[White "Reprintsev, Alexander"]
[Black "Zierk, Steven"]
[WhiteFideId "14100541"]
[BlackFideId "2034255"]
[WhiteElo "2230"]
[BlackElo "2494"]
[Result "0-1"]
[Round "01"]
[TimeControl "180+1"]
[Date "2022.12.06"]
[WhiteClock "0:00:07"]
[BlackClock "0:01:11"]

1. e4 e6 2. d4 d5 3. Nc3 Bb4 4. Ne2 dxe4 5. a3 Be7 6. Nxe4 Nf6 7. Qd3 Nxe4 8. Qxe4 Nd7 9. Bd2 Nf6 10. Qd3 O-O 11. O-O-O Rb8 12. Nf4 b5 13. Bb4 Bxb4 14. axb4 Qd6 15. Qd2 Bb7 16. f3 Rfd8 17. Be2 Qa6 18. Kb1 e5 19. Nd3 Rxd4 20. c3 Rd6 21. Qc2 Bd5 22. b3 Qa3 23. Nc5 a5 24. Qb2 axb4 25. Qxa3 bxa3 26. Ka2 Rc6 27. Nd3 Rxc3 28. Kxa3 Rxb3+ 0-1


[Site "https://www.chess.com"]

[Event "Titled Tuesday Blitz December 06 Late 2022"]
[White "Riehle, Marco"]
[Black "Pein, Jonathan"]
[WhiteFideId "12904392"]
[BlackFideId "417092"]
[WhiteElo "2462"]
[BlackElo "2225"]
[Result "0-1"]
[Round "01"]
[TimeControl "180+1"]
[Date "2022.12.07"]
[WhiteClock "0:02:12"]
[BlackClock "0:01:18"]

1. e4 e5 2. Nf3 d6 3. d4 exd4 4. Nxd4 Nf6 5. Nc3 g6 6. Bc4 Bg7 7. O-O O-O 8. Bg5 h6 9. Bh4 Nc6 10. Nxc6 bxc6 11. Re1 g5 12. Bg3 Ng4 13. Bb3 a5 14. Qd2 Qf6 15. Rad1 Re8 16. h3 Ne5 17. Kh2 h5 18. f4 h4 19. Bf2 gxf4 20. Rf1 Ba6 21. Bd4 Bxf1 22. Rxf1 Ng4+ 23. hxg4 Qxd4 24. Qxd4 Bxd4 25. Kh3 Bxc3 26. bxc3 Rxe4 27. Kxh4 a4 0-1


[Site "https://www.chess.com"]

[Event "Titled Tuesday Blitz December 06 Late 2022"]
[White "Riff, Vincent"]
[Black "Curtis, John"]
[WhiteFideId "617776"]
[BlackFideId "3200256"]
[WhiteElo "2369"]
[BlackElo "2203"]
[Result "1-0"]
[Round "01"]
[TimeControl "180+1"]
[Date "2022.12.07"]
[WhiteClock "0:01:09"]
[BlackClock "0:00:14"]

1. d4 Nf6 2. Nf3 d5 3. Bf4 e6 4. e3 Bd6 5. Bg3 Ne4 6. Nbd2 Bxg3 7. hxg3 Nxd2 8. Qxd2 Nd7 9. Bd3 c5 10. c3 Qe7 11. e4 dxe4 12. Bxe4 Nf6 13. Bc2 Bd7 14. O-O-O cxd4 15. Qxd4 h6 16. Ne5 Bc6 17. g4 O-O 18. g5 hxg5 19. Qd3 Rfd8 20. Qh3 Rxd1+ 21. Bxd1 Kf8 22. Bc2 Qc5 23. Nxc6 bxc6 24. Qh8+ Ng8 25. Bh7 Ke7 26. Bxg8 Qxf2 27. Qxg7 Qf6 28. Qxf6+ Kxf6 29. Bh7 Rh8 30. g4 Kg7 31. Be4 Rxh1+ 32. Bxh1 c5 33. b4 cxb4 34. cxb4 f5 35. b5 Kf6 36. a4 Ke7 37. a5 Kd6 38. Kd2 Kc5 39. b6 axb6 40. a6 1-0


[Site "https://www.chess.com"]

[Event "Titled Tuesday Blitz December 06 Late 2022"]
[White "Rodriguez Santiago, Jaime"]
[Black "Melikyan, Gnel"]
[WhiteFideId "3100898"]
[BlackFideId "54109990"]
[WhiteElo "2025"]
[BlackElo "2138"]
[Result "1-0"]
[Round "01"]
[TimeControl "180+1"]
[Date "2022.12.07"]
[WhiteClock "0:00:36"]
[BlackClock "0:00:02"]

1. c4 Nf6 2. Nc3 d6 3. g3 g6 4. Bg2 Bg7 5. e4 O-O 6. Nge2 c5 7. d3 Nc6 8. O-O Rb8 9. h3 a6 10. a4 Nb4 11. Be3 Bd7 12. d4 cxd4 13. Nxd4 Rc8 14. b3 Nc6 15. Qd2 Re8 16. Rad1 Qa5 17. Nd5 Nxd5 18. exd5 Qxd2 19. Rxd2 Nxd4 20. Bxd4 b5 21. cxb5 axb5 22. a5 b4 23. Bxg7 Kxg7 24. Ra1 Rc3 25. Rb2 Ra8 26. Bf1 Rc5 27. a6 Bb5 28. Bxb5 Rxb5 29. Rc2 Rxd5 30. Rc7 Kf6 31. Rb7 Rc5 32. Rxb4 Rc6 33. Rba4 Rb6 34. b4 Ra7 35. Kf1 e5 36. Ke2 Ke6 37. Kd3 d5 38. f4 e4+ 39. Kd4 f5 40. Kc5 Rb8 41. b5 Rc7+ 42. Kb4 Rc4+ 43. Ka5 Rc5 44. Rb4 d4 45. a7 Ra8 46. Ka6 d3 47. b6 Rc6 48. Kb7 Rd8 49. Kxc6 d2 50. b7 e3 51. b8=Q 1-0


[Site "https://www.chess.com"]

[Event "Titled Tuesday Blitz December 06 Late 2022"]
[White "Ronka, Erik"]
[Black "Melkumyan, Hrant"]
[WhiteFideId "505080"]
[BlackFideId "13302485"]
[WhiteElo "2264"]
[BlackElo "2604"]
[Result "0-1"]
[Round "01"]
[TimeControl "180+1"]
[Date "2022.12.06"]
[WhiteClock "0:00:02"]
[BlackClock "0:01:26"]

1. d4 Nf6 2. Nf3 d5 3. g3 Bf5 4. Bg2 e6 5. c4 c6 6. Qb3 Qb6 7. c5 Qxb3 8. axb3 Na6 9. Ra4 Be7 10. Nc3 Bd8 11. h3 h6 12. b4 Nc7 13. g4 Bc2 14. Ra3 a6 15. Bf4 Rc8 16. Ne5 Nd7 17. Kd2 Bh7 18. e3 Bh4 19. f3 Nxe5 20. Bxe5 f6 21. Bd6 h5 22. f4 Kf7 23. Bxc7 Rxc7 24. Bf3 Bg6 25. Raa1 Rcc8 26. e4 dxe4 27. Bxe4 Rcd8 28. Ke3 f5 29. Bf3 Bf6 30. Rad1 hxg4 31. hxg4 Rxh1 32. Bxh1 fxg4 33. Be4 Bf5 34. Bg2 g5 35. fxg5 Bxg5+ 36. Ke2 Bf6 37. Ne4 Bxe4 38. Bxe4 Rxd4 39. Rxd4 Bxd4 40. Kf1 Bxb2 41. Kg2 Ba3 42. Kg3 Bxb4 0-1


[Site "https://www.chess.com"]

[Event "Titled Tuesday Blitz December 06 Late 2022"]
[White "Rose, Felix"]
[Black "Dimitrov, Atanas"]
[WhiteFideId "5105722"]
[BlackFideId "2901315"]
[WhiteElo "2039"]
[BlackElo "2602"]
[Result "1/2-1/2"]
[Round "01"]
[TimeControl "180+1"]
[Date "2022.12.07"]
[WhiteClock "0:00:16"]
[BlackClock "0:00:10"]

1. e4 c5 2. Nf3 d6 3. d4 cxd4 4. Nxd4 Nf6 5. Nc3 g6 6. Be3 Bg7 7. f3 O-O 8. Qd2 Nc6 9. O-O-O Bd7 10. g4 Ne5 11. h4 h5 12. gxh5 Nxh5 13. Rg1 Rc8 14. Be2 Nc4 15. Bxc4 Rxc4 16. Nde2 b5 17. Bh6 Rc5 18. Nd5 e6 19. Bxg7 Kxg7 20. Ndf4 Bc6 21. Nxh5+ Rxh5 22. Qxd6 Qxd6 23. Rxd6 Rc8 24. Rg4 b4 25. Nf4 Rc5 26. h5 g5 27. Nd3 Rb5 28. e5 Kh6 29. f4 gxf4 30. Rxf4 Be8 31. Rxb4 Rxb4 32. Nxb4 Kxh5 33. Rd2 Kg5 34. Rf2 Rc7 35. b3 a5 36. Nd3 Bc6 37. a4 Be4 38. Kd2 Bf5 39. c4 Rd7 40. Rf3 Be4 41. Re3 Kf5 42. Kc3 Bxd3 43. Rxd3 Rxd3+ 44. Kxd3 Kxe5 45. b4 axb4 46. a5 Kd6 47. a6 Kc6 48. c5 b3 49. Kc3 e5 50. Kxb3 e4 51. Kc4 f5 52. Kd4 Kc7 53. Ke3 Kc6 54. Kf4 Kc7 55. Ke3 Kc6 56. Kf4 Kc7 57. Ke3 1/2-1/2


[Site "https://www.chess.com"]

[Event "Titled Tuesday Blitz December 06 Late 2022"]
[White "Rosen, Eric"]
[Black "Pasti, Aron"]
[WhiteFideId "2032562"]
[BlackFideId "785857"]
[WhiteElo "2362"]
[BlackElo "2250"]
[Result "0-1"]
[Round "01"]
[TimeControl "180+1"]
[Date "2022.12.07"]
[WhiteClock "0:00:06"]
[BlackClock "0:00:23"]

1. d4 Nf6 2. Bf4 d5 3. e3 c5 4. Nf3 Nc6 5. Nbd2 Qb6 6. dxc5 Qxb2 7. Rb1 Qc3 8. Bb5 e6 9. O-O Be7 10. e4 O-O 11. e5 Ne4 12. Nxe4 dxe4 13. Ng5 Bxg5 14. Bxg5 Qxe5 15. Be3 Rd8 16. Bxc6 Rxd1 17. Rfxd1 h6 18. Rd8+ Kh7 19. Be8 Bd7 20. Rxa8 Bxe8 21. Rxe8 f5 22. g3 Qc3 23. Rxb7 Qe1+ 24. Kg2 Qd1 25. h4 f4 26. Bxf4 Qf3+ 27. Kg1 e3 28. Rxg7+ Kxg7 29. Bxe3 Qd1+ 30. Kh2 Qxc2 31. Rxe6 Qxa2 32. Rxh6 a5 33. Ra6 a4 34. c6 Qc2 35. Ra7+ Kf6 36. c7 Ke6 37. Bf4 Qxf2+ 38. Kh3 Qf1+ 39. Kg4 Qe2+ 40. Kg5 Qb5+ 41. Kh6 Kd7 42. Ra8 Qc6+ 43. Kg7 Qxa8 44. h5 a3 45. h6 a2 46. Be5 a1=Q 47. Bxa1 Qxa1+ 48. Kg8 Kxc7 49. h7 Qa2+ 50. Kg7 Qb2+ 51. Kf7 Qh8 52. Kg6 Kd7 53. g4 Ke7 54. g5 Kf8 55. Kh6 Qg7+ 56. Kh5 Qxh7+ 57. Kg4 Kg7 58. Kf4 Kg6 59. Ke5 Qh5 60. Kf4 Qxg5+ 61. Kf3 Qf5+ 62. Kg3 Kg5 63. Kg2 Qf4 64. Kh3 Qg4+ 65. Kh2 Kf4 66. Kh1 Kf3 67. Kh2 Qg2# 0-1


[Site "https://www.chess.com"]

[Event "Titled Tuesday Blitz December 06 Late 2022"]
[White "Rubio Tent, Francisco"]
[Black "Rorrer, Grayson"]
[WhiteFideId "2238233"]
[BlackFideId "30944996"]
[WhiteElo "2211"]
[BlackElo "2200"]
[Result "0-1"]
[Round "01"]
[TimeControl "180+1"]
[Date "2022.12.07"]
[WhiteClock "0:00:21"]
[BlackClock "0:01:03"]

1. e4 c5 2. Nf3 d6 3. d4 cxd4 4. Nxd4 Nf6 5. Nc3 a6 6. f4 Qc7 7. a4 g6 8. Bd3 Bg7 9. Be3 O-O 10. h3 e5 11. Nf3 Nbd7 12. g4 d5 13. fxe5 Nxe5 14. O-O Nxd3 15. cxd3 Qg3+ 16. Kh1 Qxh3+ 17. Nh2 Qxe3 18. Rxf6 Bxf6 19. Nxd5 Qg5 20. Qf3 Be5 21. Rg1 Be6 0-1


[Site "https://www.chess.com"]

[Event "Titled Tuesday Blitz December 06 Late 2022"]
[White "Rustemov, Alexander"]
[Black "Winterberg, Lukas"]
[WhiteFideId "4119002"]
[BlackFideId "24622702"]
[WhiteElo "2802"]
[BlackElo "2350"]
[Result "1/2-1/2"]
[Round "01"]
[TimeControl "180+1"]
[Date "2022.12.07"]
[WhiteClock "0:00:03"]
[BlackClock "0:00:06"]

1. d4 Nf6 2. c4 e6 3. Nf3 d5 4. Bg5 Be7 5. e3 h6 6. Bxf6 Bxf6 7. Nc3 O-O 8. Rc1 c6 9. Bd3 Nd7 10. O-O dxc4 11. Bxc4 b6 12. Qe2 Bb7 13. Rfd1 g6 14. Ne4 Be7 15. Ne5 Nf6 16. Bd3 Rc8 17. Nxf6+ Bxf6 18. Be4 Qd6 19. f4 Rc7 20. Qf3 Rfc8 21. Rc2 Qe7 22. Nxc6 Bxc6 23. Bxc6 Qd6 24. Rdc1 Bg7 25. g3 g5 26. h3 b5 27. Kh2 a6 28. b3 f5 29. Qg2 Kh7 30. a4 bxa4 31. bxa4 a5 32. Rc4 Bf6 33. R1c2 gxf4 34. gxf4 Rg7 35. Qf3 Rcg8 36. Bb5 Qa3 37. Rc7 Be7 38. Rc1 Kh8 39. R7c2 Bh4 40. Bf1 Bg3+ 41. Kh1 Qe7 42. Rg2 Qh4 43. Rg1 Bf2 44. Rxg7 Rxg7 45. Bg2 Qg3 46. Rc8+ Kh7 47. Qa8 Rg8 48. Rxg8 Qxg8 49. Qxa5 Bxe3 50. Qc7+ Qg7 51. Qxg7+ Kxg7 52. a5 Bxd4 53. a6 Kf6 54. Bf3 e5 55. fxe5+ Kxe5 56. Kg2 Kf4 57. Be2 Ba7 58. Bd3 Ke5 59. Kf3 f4 60. Kg4 Bb8 61. Kh5 Kd4 62. Bf1 Ke3 63. Kxh6 Kf2 64. Bb5 Kg3 65. Bf1 Kf2 66. Be2 Kg3 67. Bf1 Kf2 1/2-1/2


[Site "https://www.chess.com"]

[Event "Titled Tuesday Blitz December 06 Late 2022"]
[White "Sadhwani, Raunak"]
[Black "Yurasova, Daria"]
[WhiteFideId "35093487"]
[BlackFideId "34146919"]
[WhiteElo "2657"]
[BlackElo "2098"]
[Result "1-0"]
[Round "01"]
[TimeControl "180+1"]
[Date "2022.12.06"]
[WhiteClock "0:02:27"]
[BlackClock "0:01:51"]

1. c4 c5 2. Nc3 Nf6 3. g3 e6 4. Bg2 Be7 5. Nf3 O-O 6. O-O d6 7. d4 cxd4 8. Nxd4 a6 9. b3 Qc7 10. Bb2 Nc6 11. Rc1 Nxd4 12. Qxd4 Bd7 13. e4 Bc6 14. f4 Rfe8 15. Kh1 Rad8 16. a4 Qb8 17. h3 e5 18. Qd3 exf4 19. gxf4 Bf8 20. Rce1 Nd7 21. Qg3 Nc5 22. Rg1 Ne6 23. Nd5 Bxd5 24. cxd5 Nc5 25. Bxg7 1-0


[Site "https://www.chess.com"]

[Event "Titled Tuesday Blitz December 06 Late 2022"]
[White "Sarana, Alexey"]
[Black "Santos Flores, Alberto"]
[WhiteFideId "24133795"]
[BlackFideId "3601234"]
[WhiteElo "2708"]
[BlackElo "2235"]
[Result "1-0"]
[Round "01"]
[TimeControl "180+1"]
[Date "2022.12.06"]
[WhiteClock "0:00:10"]
[BlackClock "0:00:05"]

1. d4 d5 2. c4 c6 3. Nf3 Nf6 4. Nc3 dxc4 5. a4 Bf5 6. Ne5 e6 7. f3 Bb4 8. e4 Bxe4 9. fxe4 Nxe4 10. Bd2 Qxd4 11. Nxe4 Qxe4+ 12. Qe2 Bxd2+ 13. Kxd2 Qd5+ 14. Kc1 Na6 15. Qe3 O-O 16. Bxc4 Qxg2 17. Rg1 Qxh2 18. Nf3 Qh5 19. Rg5 Qh1+ 20. Rg1 Qh5 21. Ne5 Nb4 22. Qc3 Nd5 23. Bxd5 cxd5 24. Kb1 f6 25. Qc7 Qh6 26. Ng4 Qg5 27. Ka2 Rac8 28. Qd7 Kh8 29. Ne5 Qxg1 30. Rxg1 g5 31. Nf7+ Kg8 32. Nd6 Rcd8 33. Qxe6+ Kg7 34. Nf5+ Kg6 35. Ne7+ Kg7 36. Rh1 Rde8 37. Nf5+ Kg6 38. Rh6# 1-0


[Site "https://www.chess.com"]

[Event "Titled Tuesday Blitz December 06 Late 2022"]
[White "Sattarov, Bobir"]
[Black "Bas Mas, Jose Joaquin"]
[WhiteFideId "14203081"]
[BlackFideId "22219064"]
[WhiteElo "2358"]
[BlackElo "2233"]
[Result "1-0"]
[Round "01"]
[TimeControl "180+1"]
[Date "2022.12.07"]
[WhiteClock "0:01:05"]
[BlackClock "0:01:14"]

1. e4 c5 2. Nc3 d6 3. Nf3 Nc6 4. d4 cxd4 5. Nxd4 Nf6 6. Bc4 g6 7. Nxc6 bxc6 8. e5 Nd7 9. exd6 exd6 10. O-O Be7 11. Bh6 Ne5 12. Bb3 Be6 13. Bxe6 fxe6 14. Bg7 Rg8 15. Bxe5 dxe5 16. Qg4 Qc8 17. Rad1 Rb8 18. Ne4 Rb4 19. c3 Rb5 20. c4 Rb7 21. Rd6 Kf7 22. Rfd1 Rd8 23. Rxd8 Bxd8 24. Nd6+ Kg7 25. Nxc8 Bf6 26. Qxe6 Rf7 27. Rd7 Rxd7 28. Qxd7+ Kg8 29. Nd6 h6 30. Qf7+ Kh8 31. Qxf6+ Kg8 32. Ne8 e4 33. Qg7# 1-0


[Site "https://www.chess.com"]

[Event "Titled Tuesday Blitz December 06 Late 2022"]
[White "Savic, Miroslav"]
[Black "Renjith, Sravan"]
[WhiteFideId "14508494"]
[BlackFideId "4306783"]
[WhiteElo "2209"]
[BlackElo "2072"]
[Result "0-1"]
[Round "01"]
[TimeControl "180+1"]
[Date "2022.12.07"]
[WhiteClock "0:01:09"]
[BlackClock "0:01:34"]

1. Nf3 Nf6 2. c4 e6 3. Nc3 d5 4. d4 c5 5. cxd5 exd5 6. g3 Nc6 7. Bg2 Be7 8. O-O O-O 9. Bg5 c4 10. Ne5 Be6 11. e3 h6 12. Bxf6 Bxf6 13. f4 Qb6 14. f5 Bxe5 15. fxe6 fxe6 16. dxe5 Qxe3+ 17. Kh1 Nxe5 18. Re1 Qg5 19. Nxd5 exd5 20. Qxd5+ Nf7 21. Qxg5 Nxg5 22. Bxb7 Rab8 23. Bd5+ Kh8 24. b3 c3 25. Rac1 Rbc8 26. Bc4 Rf2 27. Rf1 Rcf8 28. Rxf2 Rxf2 29. Rf1 Rxf1+ 30. Bxf1 c2 0-1


[Site "https://www.chess.com"]

[Event "Titled Tuesday Blitz December 06 Late 2022"]
[White "Saya, Ethan"]
[Black "Eljanov, Pavel"]
[WhiteFideId "26095181"]
[BlackFideId "14102951"]
[WhiteElo "2178"]
[BlackElo "2598"]
[Result "0-1"]
[Round "01"]
[TimeControl "180+1"]
[Date "2022.12.06"]
[WhiteClock "0:00:13"]
[BlackClock "0:00:34"]

1. d4 d5 2. c4 c6 3. Nf3 Nf6 4. Nc3 a6 5. cxd5 cxd5 6. Bf4 Nc6 7. e3 Nh5 8. Bg5 h6 9. Bh4 g5 10. Bg3 Nxg3 11. hxg3 e6 12. Bd3 Bg7 13. Qe2 Bd7 14. O-O O-O 15. a3 Rc8 16. Rac1 Qe7 17. Bb1 g4 18. Nh4 Qg5 19. f4 gxf3 20. Rxf3 Nxd4 21. Qd3 Nxf3+ 22. Nxf3 Qg6 23. Qd1 Qxg3 24. Qd3 f5 25. Rf1 Bxc3 26. bxc3 Bb5 27. Qd4 Bxf1 28. Kxf1 Rc7 29. Ba2 Rg7 30. Ne1 f4 31. e4 f3 32. gxf3 Rxf3+ 33. Nxf3 Qxf3+ 34. Ke1 Rg2 35. Bc4 dxc4 36. Qd8+ Kh7 37. Qf8 Qe2# 0-1


[Site "https://www.chess.com"]

[Event "Titled Tuesday Blitz December 06 Late 2022"]
[White "Seletsky, Grigory"]
[Black "Jaracz, Pawel"]
[WhiteFideId "14112191"]
[BlackFideId "1102222"]
[WhiteElo "2492"]
[BlackElo "2460"]
[Result "0-1"]
[Round "01"]
[TimeControl "180+1"]
[Date "2022.12.07"]
[WhiteClock "0:00:01"]
[BlackClock "0:00:20"]

1. e4 e5 2. Nf3 Nc6 3. Bc4 Be7 4. O-O d6 5. h3 Nf6 6. d3 O-O 7. a3 Be6 8. Nc3 Bxc4 9. dxc4 Nd7 10. Nd5 a5 11. Be3 b6 12. b4 Nf6 13. b5 Nb8 14. Qd3 Nbd7 15. Nd2 Nh5 16. g4 Nhf6 17. f3 Ne8 18. Rae1 Bg5 19. Bf2 g6 20. Kg2 Ng7 21. Rh1 Ne6 22. Be3 Kh8 23. c3 Bh4 24. Ref1 Ndc5 25. Qe2 f5 26. exf5 gxf5 27. Bxc5 Nxc5 28. Rhg1 Bg5 29. gxf5 Rxf5 30. Ne4 Ne6 31. Kh2 Bf4+ 32. Kh1 Qh4 33. Qg2 Rh5 34. Nf2 Rg5 35. Ng4 h5 36. Nxf4 Nxf4 37. Qf2 Qxh3+ 38. Nh2 Rag8 39. Rxg5 Rxg5 40. Rg1 Rxg1+ 41. Qxg1 Qf5 42. Qf1 Qc2 43. Qg1 Kh7 44. Nf1 Qe2 45. Nh2 Qxc4 46. Qb1+ Kh6 47. Qf5 Qe6 48. Qf8+ Kg6 49. Qd8 Qf7 50. Qh8 Ne6 51. Kg1 Ng7 52. Kf2 Qf4 53. Nf1 Qc1 54. Kg1 Qxc3 55. Qd8 Qxf3 56. Qxc7 Qg4+ 57. Kf2 Nf5 0-1


[Site "https://www.chess.com"]